 Dungeon Crawl Stone Soup version 0.23.2-1-ga50397a (webtiles) character file.

Game seed: 15490648392364277669

20 MalarOregon the Skirmisher (level 2, 0/27 HPs)
             Began as a Ghoul Fighter on May 26, 2019.
             Slain by a frilled lizard (1 damage)
             ... on level 1 of the Dungeon.
             The game lasted 00:00:50 (559 turns).

MalarOregon the Skirmisher (Ghoul Fighter)           Turns: 559, Time: 00:00:51

Health: 0/27       AC:  6    Str: 19    XL:     2   Next: 79%
Magic:  1/1        EV:  7    Int:  3    God:
Gold:   42         SH:  8    Dex:  8    Spells: 1/1 levels left

rFire    . . .     SeeInvis .     - Unarmed
rCold    + . .     Gourm    .   b - +0 shield
rNeg     + + +     Faith    .   a - +0 scale mail
rPois    ∞         Spirit   .   (no helmet)
rElec    .         Reflect  .   (no cloak)
rCorr    .         Harm     .   (no gloves)
MR       .....                  (no boots)
Stlth    ..........             (no amulet)
HPRegen  0.00/turn              j - ring of wizardry
MPRegen  0.07/turn              (no ring)

@: rotting
A: rotting body, claws 1, carnivore, cold resistance 1, negative energy
resistance 3, inhibited regeneration, torment resistance, unbreathing
a: no special abilities


You were on level 1 of the Dungeon.
You were not hungry.

You visited 1 branch of the dungeon, and saw 1 of its levels.

You collected 42 gold pieces.

Inventory:

Armour
 a - a +0 scale mail (worn)
 b - a +0 shield (worn)
Jewellery
 j - a ring of wizardry (left claw)
   (You found it on level 1 of the Dungeon)
Scrolls
 f - a scroll of amnesia {unknown}
 h - 3 scrolls of identify {unknown}
 i - a scroll of immolation {unknown}
Potions
 c - a potion of might
 d - a potion of degeneration {unknown}
Comestibles
 e - 2 rations {!d}
 g - a chunk of flesh


   Skills:
 + Level 3.6 Fighting
 - Level 2.6 Armour
 + Level 3.0 Shields
 + Level 2.7 Unarmed Combat


You had one spell level left.
You didn't know any spells.
Your spell library was empty.

Dungeon Overview and Level Annotations

Branches:
Dungeon (1/15)

Altars:


Innate Abilities, Weirdness & Mutations

Your body is rotting away.
You thrive on raw meat.
You are immune to poison.
You have sharp fingernails.
You are carnivorous and can eat meat at any time.
Your flesh is cold resistant. (rC+)
You are immune to negative energy. (rN+++)
You do not regenerate when monsters are visible.
You are immune to unholy pain and torment.
You can survive without breathing.


Message History

The frilled lizard bites you but does no damage.
The frilled lizard bites you.
The frilled lizard bites you but does no damage. x2
You closely miss the frilled lizard. You block the frilled lizard's attack.
The frilled lizard bites you.
* * * LOW HITPOINT WARNING * * *
The frilled lizard bites you.
* * * LOW HITPOINT WARNING * * *
The frilled lizard bites you but does no damage.
The frilled lizard bites you.
* * * LOW HITPOINT WARNING * * *
You block the frilled lizard's attack. The frilled lizard barely misses you.
The frilled lizard bites you but does no damage.
You miss the frilled lizard.
The frilled lizard barely misses you. x4
The frilled lizard bites you.
* * * LOW HITPOINT WARNING * * *
The frilled lizard bites you.
* * * LOW HITPOINT WARNING * * *
You block the frilled lizard's attack. The frilled lizard bites you.
* * * LOW HITPOINT WARNING * * *
The frilled lizard barely misses you.
Eat one of 2 chunks of flesh? (ye/n/q)
You eat one of the 2 chunks of flesh.
You feel more resilient.
This raw flesh tastes great!
You block the frilled lizard's attack.
The frilled lizard bites you but does no damage.
The frilled lizard bites you.
* * * LOW HITPOINT WARNING * * *
You block the frilled lizard's attack. The frilled lizard bites you.
* * * LOW HITPOINT WARNING * * *
The frilled lizard closely misses you.
The frilled lizard bites you but does no damage.
Unknown command.
You closely miss the frilled lizard. The frilled lizard barely misses you.
You block the frilled lizard's attack. x2
The frilled lizard barely misses you.
The frilled lizard bites you but does no damage.
The frilled lizard closely misses you.
The frilled lizard bites you but does no damage.
You scratch the frilled lizard.
You kill the frilled lizard!
The frilled lizard bites you but does no damage.
The frilled lizard closely misses you. The frilled lizard barely misses you.
The frilled lizard bites you but does no damage.
The frilled lizard bites you.
* * * LOW HITPOINT WARNING * * *
You block the frilled lizard's attack. The frilled lizard bites you.
* * * LOW HITPOINT WARNING * * *
The frilled lizard bites you.
You die...

#..####.#####.#
##.## #.# #.#
##########..# #.#
#.# .........##.#
#.# #.#
.........##.# #.#
#.#
.........##.###.#
#÷#
.......l.##..##.#
#.###
......lll###.##.#
#....
......ll@###.##.#
######
.≈≈≈............#
#.##..
≈≈≈≈≈....###..#.#
#.##.# ≈≈≈≈≈.####
##.#.# #.##.#
≈≈≈≈≈.
#...####.##.#
≈≈≈≈≈.
##..#....##.#
..≈≈..
#..###.###.# ...
#.>#....##.#
####.#..##..


You could see 6 frilled lizards.

Vanquished Creatures
  5 bats (D:1)
  A giant cockroach (D:1)
  A hobgoblin (D:1)
  3 frilled lizards (D:1)
  2 goblins (D:1)
  4 kobolds (D:1)
  5 rats (D:1)
21 creatures vanquished.

Notes
Turn   | Place    | Note
-------+----------+-------------------------------------------
     0 | D:1      | MalarOregon the Ghoul Fighter began the quest for the Orb.
     0 | D:1      | Reached XP level 1. HP: 19/19 MP: 0/0
   192 | D:1      | Reached XP level 2. HP: 25/26 MP: 1/1
   559 | D:1      | HP: 1/27 [frilled lizard (3)]
   559 | D:1      | Slain by a frilled lizard

Skill      XL: |  1  2 |
---------------+-------+-----
Shields        | 3 |  3.0
Fighting       | |  3.6
Armour         | |  2.6
Unarmed Combat | |  2.7

Action                   || total
-------------------------++-------
Melee: Unarmed           ||    67
  Eat: Chunk             ||     2
Armor: Scale mail        ||    58
Dodge: Dodged            ||    51
Block: Shield            ||    54
